PCL
SPOKANE TRAPPERS @ SANTA MONICA BRUINS
10/06/2030
 
TOP OF THE 1ST
Spokane Trappers batting - Pitching for Santa Monica Bruins : RHP Manny Silva
Pitching: RHP Manny Silva
Batting: RHB Warren Martin 0-0: Swinging Strike
0-1: Ball
1-1: Foul Ball, location: 2F
1-2: Foul Ball, location: 2F
1-2: Fly out, F7 (Flyball, 78M)
Batting: RHB Danny Crouch 0-0: Foul Ball, location: 2F
0-1: Ball
1-1: Called Strike
1-2: Foul Ball, location: 2F
1-2: Fly out, F4 (Line Drive, 4M)
Batting: LHB Lorenzo Flores 0-0: Foul Ball, location: 2F
0-1: Ball
1-1: Ground out 4-3 (Groundball, 4)
Top of the 1st over - 0 runs, 0 hits, 0 errors, 0 left on base; Spokane 0 - Santa Monica 0
BOTTOM OF THE 1ST
Santa Monica Bruins batting - Pitching for Spokane Trappers : RHP Honorato Mota
Pitching: RHP Honorato Mota
Batting: LHB Gonzalo Benítez 0-0: Hit by Pitch
Batting: RHB John Nelson 0-0: Ball
1-0: SINGLE (Groundball, 34D)
Gonzalo Benítez to second
Runner from 2nd tries for 3rd, SAFE, no throw
Batting: LHB John White 0-0: Ball
1-0: Swinging Strike
1-1: Grounds into double play, 4-6-3 (Groundball, 4)
Gonzalo Benítez scores
Batting: RHB Luis Martínez 0-0: Foul Ball, location: 2F
0-1: SINGLE (Flyball, 78S)
Batting: LHB Jorge Souza 0-0: SINGLE (Line Drive, 7LS)
Luis Martínez to second
Batting: LHB Francisco Marino 0-0: Ball
1-0: Called Strike
1-1: Called Strike
1-2: Foul Ball, location: 2F
1-2: Foul Ball, location: 2F
1-2: Ball
2-2: Ball
3-2: SINGLE (Groundball, 4D)
Luis Martínez to third
Jorge Souza to second
Luis Martínez scores
Jorge Souza to third
Batting: RHB Ernest Russell 0-0: Ball
1-0: Ball
2-0: Called Strike
2-1: Foul Ball, location: 2F
2-2: Strikes out swinging
Bottom of the 1st over - 2 runs, 4 hits, 0 errors, 2 left on base; Spokane 0 - Santa Monica 2
TOP OF THE 2ND
Spokane Trappers batting - Pitching for Santa Monica Bruins : RHP Manny Silva
Batting: SHB Chris Bennis 0-0: Foul Ball, location: 2F
0-1: SOLO HOME RUN (Flyball, 9D), Distance : 368 ft
Batting: LHB Sixto Cantú 0-0: Fly out, F8 (Line Drive, 8LM)
Batting: RHB Alberto Velásquez 0-0: Ball
1-0: Foul Ball, location: 2F
1-1: Ball
2-1: Fly out, F3 (Line Drive, 4S)
Batting: LHB Tommy Evans 0-0: Ball
1-0: Called Strike
1-1: Foul Ball, location: 2F
1-2: Foul Ball, location: 2F
1-2: Foul Ball, location: 2F
1-2: Strikes out swinging
Top of the 2nd over - 1 run, 1 hit, 0 errors, 0 left on base; Spokane 1 - Santa Monica 2
BOTTOM OF THE 2ND
Santa Monica Bruins batting - Pitching for Spokane Trappers : RHP Honorato Mota
Batting: RHB Ramón Ramírez 0-0: Swinging Strike
0-1: SOLO HOME RUN (Flyball, 78D), Distance : 397 ft
Batting: RHB Dave King 0-0: Called Strike
0-1: Ground out 6-3 (Groundball, 6)
Batting: LHB Gonzalo Benítez 0-0: Ball
1-0: Foul Ball, location: 2F
1-1: Foul Ball, location: 2F
1-2: Reached on error, E9 (Line Drive, 9S)
Batting: RHB John Nelson 0-0: SINGLE (Flyball, 7S)
Gonzalo Benítez to third
Batting: LHB John White 0-0: SINGLE (Line Drive, 89S)
Gonzalo Benítez scores
John Nelson to second
Runner from 2nd tries for 3rd, SAFE, no throw
Batting: RHB Luis Martínez 0-0: Grounds into double play, 6-4-3 (Groundball, 6)
Bottom of the 2nd over - 2 runs, 3 hits, 1 error, 1 left on base; Spokane 1 - Santa Monica 4
TOP OF THE 3RD
Spokane Trappers batting - Pitching for Santa Monica Bruins : RHP Manny Silva
Batting: RHB José Gómez 0-0: Called Strike
0-1: SINGLE (Line Drive, 89M)
Batting: RHB Juan Velásquez 0-0: Ball
1-0: Ball
2-0: Swinging Strike
2-1: Called Strike
2-2: Strikes out looking
Batting: RHB Warren Martin 0-0: Foul Ball, location: 2F
0-1: Foul Ball, location: 2F
0-2: Ball
1-2: Ball
2-2: Foul Ball, location: 2F
2-2: Ball
3-2: Strikes out swinging
Batting: RHB Danny Crouch 0-0: Ball
1-0: Ball
2-0: Ball
3-0: Called Strike
3-1: Base on Balls
José Gómez to second
Batting: LHB Lorenzo Flores 0-0: Ball
1-0: SINGLE (Line Drive, 4MD)
José Gómez to third
Danny Crouch to second
Batting: SHB Chris Bennis 0-0: Called Strike
0-1: Ground out 4-3 (Groundball, 4)
Top of the 3rd over - 0 runs, 2 hits, 0 errors, 3 left on base; Spokane 1 - Santa Monica 4
BOTTOM OF THE 3RD
Santa Monica Bruins batting - Pitching for Spokane Trappers : RHP Honorato Mota
Batting: LHB Jorge Souza 0-0: Foul Ball, location: 2F
0-1: SOLO HOME RUN (Flyball, 9D), Distance : 372 ft
Batting: LHB Francisco Marino 0-0: Ball
1-0: Swinging Strike
1-1: SINGLE (Groundball, 4MD)
Batting: RHB Ernest Russell 0-0: Called Strike
0-1: Fly out, F9 (Flyball, 9S)
Batting: RHB Ramón Ramírez 0-0: Ball
1-0: Ball
2-0: Called Strike
2-1: TRIPLE (Flyball, 89XD)
Francisco Marino scores
Batting: RHB Dave King 0-0: Ball
1-0: Fly out, F8 (Flyball, 8RXD)
Runner from 3rd tags up, SCORES, no throw
Batting: LHB Gonzalo Benítez 0-0: Ball
1-0: Ball
2-0: Ball
3-0: Called Strike
3-1: SINGLE (Groundball, 34D)
Batting: RHB John Nelson 0-0: Ground out 3-1 (Groundball, 34S)
Bottom of the 3rd over - 3 runs, 4 hits, 0 errors, 1 left on base; Spokane 1 - Santa Monica 7
TOP OF THE 4TH
Spokane Trappers batting - Pitching for Santa Monica Bruins : RHP Manny Silva
Batting: LHB Sixto Cantú 0-0: Called Strike
0-1: Ball
1-1: Foul Ball, location: 2F
1-2: Ball
2-2: Ground out U3 (Groundball, 3)
Batting: RHB Alberto Velásquez 0-0: Ball
1-0: SINGLE (Line Drive, 7S)
Batting: LHB Tommy Evans 0-0: Ball
1-0: Ball
2-0: Foul Ball, location: 2F
2-1: Ball
3-1: SINGLE (Groundball, 56D)
Alberto Velásquez to second
Batting: RHB José Gómez 0-0: Called Strike
0-1: Ball
1-1: Foul Ball, location: 2F
1-2: Strikes out swinging
Batting: RHB Juan Velásquez 0-0: Called Strike
0-1: Ground out 6-3 (Groundball, 6S)
Top of the 4th over - 0 runs, 2 hits, 0 errors, 2 left on base; Spokane 1 - Santa Monica 7
BOTTOM OF THE 4TH
Santa Monica Bruins batting - Pitching for Spokane Trappers : RHP Honorato Mota
Batting: LHB John White 0-0: Ball
1-0: Ball
2-0: Called Strike
2-1: Foul Ball, location: 2F
2-2: Foul Ball, location: 2F
2-2: Fly out, F8 (Flyball, 8LS)
Batting: RHB Luis Martínez 0-0: DOUBLE (Line Drive, 7LM)
Pitching: RHP Edgardo Martínez
Batting: LHB Jorge Souza 0-0: Called Strike
0-1: Ball
1-1: Ball
2-1: Called Strike
2-2: Foul Ball, location: 2F
2-2: Foul Ball, location: 2F
2-2: Ground out 3-1 (Groundball, 34S)
Luis Martínez to third
Batting: LHB Francisco Marino 0-0: Ball
1-0: Foul Ball, location: 2F
1-1: Ball
2-1: Ball
3-1: Ground out 6-3 (Groundball, 6)
Bottom of the 4th over - 0 runs, 1 hit, 0 errors, 1 left on base; Spokane 1 - Santa Monica 7
TOP OF THE 5TH
Spokane Trappers batting - Pitching for Santa Monica Bruins : RHP Manny Silva
Batting: RHB Warren Martin 0-0: Ball
1-0: Ground out 6-3 (Groundball, 6)
Batting: RHB Danny Crouch 0-0: Foul Ball, location: 2F
0-1: Ball
1-1: Ball
2-1: Ball
3-1: Called Strike
3-2: Base on Balls
Batting: LHB Lorenzo Flores 0-0: Ball
Throwing error on steal attempt, E2
Danny Crouch to third
1-0: SINGLE (Line Drive, 9S)
Danny Crouch scores
Batting: SHB Chris Bennis 0-0: Called Strike
0-1: Ball
1-1: Called Strike
1-2: Fly out, F7 (Flyball, 78S)
Batting: LHB Sixto Cantú 0-0: Called Strike
0-1: Swinging Strike
0-2: Ball
1-2: Strikes out looking
Top of the 5th over - 1 run, 1 hit, 1 error, 1 left on base; Spokane 2 - Santa Monica 7
BOTTOM OF THE 5TH
Santa Monica Bruins batting - Pitching for Spokane Trappers : RHP Edgardo Martínez
Batting: RHB Ernest Russell 0-0: Ball
1-0: Ball
2-0: Ground out 5-3 (Groundball, 56)
Batting: RHB Ramón Ramírez 0-0: Called Strike
0-1: Ground out 6-3 (Groundball, 6)
Batting: RHB Dave King 0-0: Ball
1-0: Ball
2-0: Ball
3-0: Base on Balls
Batting: LHB Gonzalo Benítez 0-0: Called Strike
0-1: Ground out U3 (Groundball, 3)
Bottom of the 5th over - 0 runs, 0 hits, 0 errors, 1 left on base; Spokane 2 - Santa Monica 7
TOP OF THE 6TH
Spokane Trappers batting - Pitching for Santa Monica Bruins : RHP Manny Silva
Batting: RHB Alberto Velásquez 0-0: Ball
1-0: Foul Ball, location: 2F
1-1: Called Strike
1-2: Strikes out swinging
Batting: LHB Tommy Evans 0-0: Called Strike
0-1: Called Strike
0-2: Strikes out swinging
Batting: RHB José Gómez 0-0: Called Strike
0-1: Ball
1-1: Foul Ball, location: 2F
1-2: Strikes out swinging
Top of the 6th over - 0 runs, 0 hits, 0 errors, 0 left on base; Spokane 2 - Santa Monica 7
BOTTOM OF THE 6TH
Santa Monica Bruins batting - Pitching for Spokane Trappers : RHP Edgardo Martínez
Batting: RHB John Nelson 0-0: Called Strike
0-1: Ball
1-1: Swinging Strike
1-2: Ball
2-2: Ball
3-2: Base on Balls
Batting: LHB John White 0-0: Foul Ball, location: 2F
0-1: Ball
1-1: Grounds into double play, 5-4-3 (Groundball, 56)
Batting: RHB Luis Martínez 0-0: Foul Ball, location: 2F
0-1: Called Strike
0-2: Strikes out swinging
Bottom of the 6th over - 0 runs, 0 hits, 0 errors, 0 left on base; Spokane 2 - Santa Monica 7
TOP OF THE 7TH
Spokane Trappers batting - Pitching for Santa Monica Bruins : RHP Manny Silva
Batting: RHB Juan Velásquez 0-0: Ball
1-0: Called Strike
1-1: Called Strike
1-2: Strikes out swinging
Batting: RHB Warren Martin 0-0: Ball
1-0: Ball
2-0: Ball
3-0: Called Strike
3-1: Base on Balls
Batting: RHB Danny Crouch 0-0: Called Strike
0-1: Ball
1-1: Swinging Strike
1-2: Foul Ball, location: 2F
1-2: SINGLE (Groundball, 56D)
Warren Martin to second
Pitching: RHP Bartolo Romo
Batting: LHB Lorenzo Flores 0-0: Foul Ball, location: 2F
0-1: Ball
1-1: Ball
2-1: Swinging Strike
2-2: Ball
3-2: Foul Ball, location: 2F
3-2: SINGLE (Groundball, 4MD)
Warren Martin to third
Danny Crouch to second
Warren Martin scores
Danny Crouch to third
Batting: SHB Chris Bennis 0-0: Grounds into double play, 5-4-3 (Groundball, 56)
Top of the 7th over - 1 run, 2 hits, 0 errors, 1 left on base; Spokane 3 - Santa Monica 7
BOTTOM OF THE 7TH
Santa Monica Bruins batting - Pitching for Spokane Trappers : RHP Edgardo Martínez
Batting: LHB Jorge Souza 0-0: Swinging Strike
0-1: Swinging Strike
0-2: Ball
1-2: Ball
2-2: Foul Ball, location: 2F
2-2: Foul Ball, location: 2F
2-2: Foul Ball, location: 2F
2-2: Ground out U3 (Groundball, 3)
Batting: LHB Francisco Marino 0-0: Swinging Strike
0-1: Ball
1-1: Foul Ball, location: 2F
1-2: Ball
2-2: Foul Ball, location: 2F
2-2: TRIPLE (Line Drive, 78XD)
Batting: RHB Ernest Russell 0-0: Ball
1-0: Foul Ball, location: 2F
1-1: SINGLE (Groundball, 6MD)
Francisco Marino scores
Batting: RHB Ramón Ramírez 0-0: Ball
1-0: Ball
2-0: Foul Ball, location: 2F
2-1: Ball
3-1: Base on Balls
Ernest Russell to second
Batting: RHB Dave King 0-0: Called Strike
Ernest Russell steals 3rd base
Ramón Ramírez to second
0-1: Swinging Strike
0-2: Ball
1-2: Ball
2-2: Foul Ball, location: 2F
2-2: Strikes out swinging
Pitching: LHP Pedro Mata
Batting: LHB Gonzalo Benítez 0-0: Foul Ball, location: 2F
0-1: Foul Ball, location: 2F
0-2: Foul Ball, location: 2F
0-2: Foul Ball, location: 2F
0-2: Foul Ball, location: 2F
0-2: Ground out 4-3 (Groundball, 4)
Bottom of the 7th over - 1 run, 2 hits, 0 errors, 2 left on base; Spokane 3 - Santa Monica 8
TOP OF THE 8TH
Spokane Trappers batting - Pitching for Santa Monica Bruins : RHP Bartolo Romo
Batting: LHB Sixto Cantú 0-0: Swinging Strike
0-1: Foul Ball, location: 2F
0-2: Ball
1-2: Strikes out swinging
Batting: RHB Alberto Velásquez 0-0: Ball
1-0: Ball
2-0: Foul Ball, location: 2F
2-1: Called Strike
2-2: SINGLE (Groundball, 4D)
Batting: LHB Tommy Evans 0-0: Foul Ball, location: 2F
0-1: Ball
1-1: Grounds into double play, 4-6-3 (Groundball, 4)
Top of the 8th over - 0 runs, 1 hit, 0 errors, 0 left on base; Spokane 3 - Santa Monica 8
BOTTOM OF THE 8TH
Santa Monica Bruins batting - Pitching for Spokane Trappers : LHP Pedro Mata
Batting: RHB John Nelson 0-0: Foul Ball, location: 2F
0-1: Swinging Strike
0-2: Ball
1-2: Strikes out looking
Batting: LHB John White 0-0: Swinging Strike
0-1: Ball
1-1: Ball
2-1: SOLO HOME RUN (Flyball, 9LD), Distance : 353 ft
Batting: RHB Luis Martínez 0-0: Ball
1-0: Ball
2-0: Swinging Strike
2-1: Foul Ball, location: 2F
2-2: SINGLE (Groundball, 56D)
Batting: LHB Jorge Souza 0-0: Grounds into double play, 4-6-3 (Groundball, 34)
Bottom of the 8th over - 1 run, 2 hits, 0 errors, 0 left on base; Spokane 3 - Santa Monica 9
TOP OF THE 9TH
Spokane Trappers batting - Pitching for Santa Monica Bruins : RHP Bartolo Romo
Now in LF: Jon Rogers
Batting: RHB José Gómez 0-0: Ball
1-0: SINGLE (Line Drive, 8RS)
Batting: RHB Juan Velásquez 0-0: SINGLE (Line Drive, 6M)
José Gómez to second
Batting: RHB Warren Martin 0-0: Reached on error, E5 (Groundball, 56)
José Gómez to third
Juan Velásquez to second
Pitching: RHP Soichiro Ikeda
Batting: RHB Danny Crouch 0-0: Foul Ball, location: 2F
0-1: Grounds into double play, 3-6-3 (Groundball, 3)
José Gómez scores
Juan Velásquez to third
Batting: LHB Lorenzo Flores 0-0: Called Strike
0-1: Ball
1-1: Ball
2-1: Ball
3-1: Fly out, F8 (Flyball, 8RM)
Top of the 9th over - 1 run, 2 hits, 1 error, 1 left on base; Spokane 4 - Santa Monica 9
Saturday, April 7th, 2018 - OOTP Baseball 18.8 Build 76